 Dungeon Crawl Stone Soup version 0.28.0-43-g3370ac3207 (webtiles) character file.

Game seed: 14131074181652452622

22104 issech the Basher (level 12, -7/109 HPs)
             Began as a Troll Monk on Mar 24, 2022.
             Was an Elder of Hepliaklqana.
             Mangled by a harpy simulacrum (9 damage)
             ... in an ice cave.
             The game lasted 00:55:05 (10468 turns).

issech the Basher (Troll Monk)                     Turns: 10468, Time: 00:55:06

Health: -7/109     AC:  6    Str: 27    XL:     12   Next: 60%
Magic:  0/11       EV: 13    Int:  6    God:    Hepliaklqana [****..]
Gold:   1668       SH:  0    Dex: 16    Spells: 11/11 levels left

rFire   . . .      SeeInvis +   c - +9 giant spiked club (spect)
rCold   + + +      Faith    .   (shield currently unavailable)
rNeg    . . .      Spirit   +   U - +2 robe {rC+ rF+}
rPois   .          Reflect  .   z - +0 hat {SInv}
rElec   .          Harm     .   (no cloak)
rCorr   .          Rampage  .   (gloves unavailable)
Will    .....                   (boots unavailable)
Stlth   +++.......              w - amulet of guardian spirit
HPRegen 1.08/turn               I - ring of ice
MPRegen 0.12/turn               P - ring "Digy" {rC+ Str+5}

@: no status effects
A: reduced essence, large, unfitting armour, claws 3, regeneration 1, shaggy fur
1, tough skin 1
a: Renounce Religion, Recall Ancestor, Ancestor Identity, Transference, Idealise


You were in an ice cave.
You worshipped Hepliaklqana.
Hepliaklqana was greatly pleased with you.
You visited 2 branches of the dungeon, and saw 13 of its levels.
You also visited: Ice Cave.

You collected 1801 gold pieces.
You spent 133 gold pieces at shops.

Inventory:

Hand Weapons
 c - a +9 spectral giant spiked club (weapon)
 B - a +2 flail of draining
 M - a +0 arbalest of freezing
Missiles
 h - 416 stones
 j - 2 throwing nets
 t - 295 arrows
 A - 48 bolts
 D - 179 sling bullets
 F - 3 curare-tipped darts
 G - 7 poisoned darts
 Y - 13 large rocks (quivered)
Armour
 e - the +1 robe of Itrejoeh {Rampage Will+}
   (You found it on level 5 of the Dungeon)

   Rampage:   It bestows one free step when moving towards enemies.
   Will:      It increases your willpower.
 u - a +1 hat
 y - +0 acid dragon scales
 z - a +0 hat of see invisible (worn)
 Q - a scarf of harm
 U - a +2 robe of resistance (worn)
 V - a +2 robe of cold resistance
 X - a +0 troll leather armour
Magical Staves
 N - a staff of earth
Jewellery
 l - a ring of positive energy
 w - an amulet of guardian spirit (around neck)
 H - the ring of Past Mistakes {rN+ Dex+7 Stlth+}
   (You found it in an ice cave)

   [ring of positive energy]

   Dex:       It affects your dexterity (+7).
   rN:        It protects you from negative energy.
   Stlth:     It makes you more stealthy.
 I - a ring of ice (left claw)
 P - the ring "Digy" (right claw) {rC+ Str+5}
   (You found it on level 7 of the Dungeon)

   [ring of protection from cold]

   Str:       It affects your strength (+5).
   rC:        It protects you from cold.
 R - a +6 ring of dexterity
Wands
 m - a wand of flame (6)
 x - a wand of digging (2)
 K - a wand of charming (16)
 O - a wand of iceblast (1)
 W - a wand of acid (4)
Scrolls
 f - 5 scrolls of teleportation
 n - a scroll of blinking
 p - a scroll of fog
 E - 4 scrolls of fear
 J - 2 scrolls of summoning
 L - a scroll of identify
 T - 3 scrolls of enchant weapon
Potions
 a - a potion of haste {unknown}
 b - 2 potions of cancellation {unknown}
 d - 2 potions of mutation {unknown}
 g - 3 potions of lignification {unknown}
 i - 2 potions of might {unknown}
 k - 4 potions of attraction {unknown}
 o - 2 potions of degeneration {unknown}
 q - 2 potions of invisibility {unknown}
 r - 2 potions of ambrosia {unknown}
 s - 8 potions of curing
 v - 3 potions of heal wounds {unknown}
 C - a potion of magic {unknown}
 S - a potion of flight {unknown}
 Z - a potion of resistance {unknown}


   Skills:
 + Level 8.5 Fighting
 + Level 14.7 Maces & Flails
 + Level 2.9 Throwing
 + Level 2.9 Armour
 + Level 6.3 Dodging
 + Level 3.9 Stealth


You had 11 spell levels left.
You didn't know any spells.
Your spell library contained the following spells:

 Spells                   Type           Power      Damage    Failure   Level
 Freeze                   Ice            0%         1d3       45%         1
 Sandblast                Erth           0%         2d4       45%         1
 Frozen Ramparts          Ice            0%         1d2       83%         3
 Ignite Poison            Fire/Tmut/Pois 0%         N/A       83%         3
 Stone Arrow              Conj/Erth      0%         3d7       83%         3
 Airstrike                Air            0%         N/A       99%         4
 Animate Armour           Summ/Erth      0%         N/A       99%         4
 Fulminant Prism          Conj/Hex       0%         3d6       99%         4
 Hailstorm                Conj/Ice       0%         3d3       99%         4
 Iskenderun's Mystic Bla  Conj/Tloc      0%         2d3       99%         4
 Summon Lightning Spire   Summ/Air       0%         N/A       99%         4
 Lee's Rapid Deconstruct  Erth           0%         3d5*      100%        5
 Lightning Bolt           Conj/Air       0%         1d11      100%        5
 Statue Form              Tmut/Erth      0%         N/A       100%        6
 Lehudib's Crystal Spear  Conj/Erth      0%         10d2      100%        8


Dungeon Overview and Level Annotations

Branches:
Dungeon (12/15)            Temple (1/1) D:7            Lair (0/6) D:11
    Orc (0/2) D:10          IceCv (1/1)

Altars:
Ashenzari
Cheibriados
Dithmenos
Elyvilon
Fedhas
Gozag
Hepliaklqana
Kikubaaqudgha
Makhleb
Nemelex Xobeh
Okawaru
Qazlal
Ru
Sif Muna
Trog
Uskayaw
Vehumet
Wu Jian
Xom
Yredelemnul
Zin
The Shining One

Shops:
D:5 *(   D:6 ?


Innate Abilities, Weirdness & Mutations

Your life essence is reduced to manifest your ancestor. (-10% HP)
You are too large for most types of armour.
You have claws for hands.
Your natural rate of healing is unusually fast.
You are covered in fur. (AC +1)
You have tough skin. (AC +1)


Message History

The ice devil closely misses you.
Unknown command.
You sock the ice devil!
You kill the ice devil!
The harpy simulacrum claws you but does no damage. x2
The ice devil hits you! The ice devil freezes you. You resist.
The harpy simulacrum claws you!
* * * LOW HITPOINT WARNING * * *
The harpy simulacrum freezes you. You resist.
* * * LOW HITPOINT WARNING * * *
The harpy simulacrum claws you.
* * * LOW HITPOINT WARNING * * *
The harpy simulacrum freezes you. You resist.
* * * LOW HITPOINT WARNING * * *
The harpy simulacrum barely misses you.
The harpy simulacrum closely misses you.
The harpy simulacrum claws you!
* * * LOW HITPOINT WARNING * * *
The harpy simulacrum freezes you. You resist.
* * * LOW HITPOINT WARNING * * *
The harpy simulacrum misses you. The harpy simulacrum claws you.
* * * LOW HITPOINT WARNING * * *
The harpy simulacrum freezes you. You resist.
* * * LOW HITPOINT WARNING * * *
The harpy simulacrum misses you. The harpy simulacrum claws you.
* * * LOW HITPOINT WARNING * * *
The harpy simulacrum freezes you. You resist.
* * * LOW HITPOINT WARNING * * *
The harpy simulacrum closely misses you.
The harpy simulacrum claws you.
* * * LOW HITPOINT WARNING * * *
The harpy simulacrum freezes you. You resist.
* * * LOW HITPOINT WARNING * * *
The harpy simulacrum barely misses you.
You impale the harpy simulacrum!!
The harpy simulacrum vaporises!
The harpy simulacrum claws you!
You die...

##..#### ###.## ##......##
#####..## ### ##........#
☼####...### #.........###
#.#.......#### ##...####....#
.............# #...##[)##...#
##......(....# ##..#....#..##
##........8#########........##
##........## ##...###......##
#..###.....###..@Z.####'####
..########.R#..###4.# #.)⌠#
#...### ##...##....# #####
##....### ##.##ZZZ###
###....## #####.Z.4# ###...###
##..Z8ZZ # ###...### ##.4ZZ...
#### ###...##


ZZ..... ...## ##...# ....... You could see an ice devil and a harpy simulacrum.

Vanquished Creatures
  The ghost of RascalDebosk the Cleaver, a journeyman HOFi of Beogh (D:11)
  Erolcha (D:10)
  A centaur warrior (D:10)
  A two-headed ogre (D:11)
  A necromancer (IceCv)
  An ugly thing (IceCv)
  2 oklob plants (D:11)
  4 cyclopes (D:11)
  2 anaconda simulacra (IceCv)
  2 freezing wraiths (IceCv)
  3 trolls
  12 ice devils (IceCv)
  2 slime creatures (D:12)
  2 wyverns
  19 yaks
  A vampire (D:12)
  A shadow (D:12)
  2 death yak simulacra (IceCv)
  Menkaure (D:4)
  2 harpy simulacra (IceCv)
  3 acid dragons
  Edmund (D:4)
  2 water moccasins
  2 sky beasts
  A black bear (D:7)
  4 orc warriors
  An ogre (D:4)
  An ice beast (D:7)
  A necrophage (D:6)
  5 centaurs
  A kobold brigand (D:10)
  2 scorpions
  2 gnoll sergeants
  3 bullfrogs
  3 cane toad simulacra (IceCv)
  A two-headed ogre simulacrum (IceCv)
  A water moccasin zombie (D:5)
  A wyvern skeleton (D:7)
  3 killer bees (D:6)
  5 elephant simulacra (IceCv)
  8 wights
  An electric eel (D:8)
  3 howler monkeys
  4 centaur zombies
  A bullfrog zombie (D:6)
  2 jellies
  2 centaur skeletons
  2 bullfrog skeletons
  7 orc priests
  A gnoll shaman (D:5)
  7 hounds
  4 iguanas
  7 orc wizards
  2 spriggan simulacra (IceCv)
  2 polar bear simulacra (IceCv)
  2 wolf simulacra (IceCv)
  A howler monkey zombie (D:5)
  A hound skeleton (D:4)
  9 adders
  12 gnolls
  3 howler monkey skeletons
  A shadow imp (D:6)
  10 white imps
  An adder skeleton (D:4)
  3 worms
  A dart slug (D:1)
  15 orcs
  4 bats
  6 endoplasms (D:1)
  5 giant cockroaches
  8 goblins
  6 hobgoblins
  3 jackals (D:5)
  16 kobolds
  6 quokkas
  4 ball pythons
  5 frilled lizards
  4 rats
  5 plants (D:11)
288 creatures vanquished.

Vanquished Creatures (collateral kills)
  A boulder beetle (D:12)
  An ice statue (IceCv)
  A freezing wraith (IceCv)
  A komodo dragon (D:11)
  A slime creature (D:12)
  3 yaks
  2 kobold brigands
  A bullfrog (D:7)
  2 howler monkeys
  A polar bear simulacrum (IceCv)
  2 wolf simulacra (IceCv)
  A gnoll (D:12)
  A naga simulacrum (IceCv)
  3 white imps
  An ufetubus (IceCv)
  3 orcs
  A kobold (D:11)
  A plant (D:11)
27 creatures vanquished.

Vanquished Creatures (others)
  8 battlemagi
  5 plants
13 creatures vanquished.

Grand Total: 328 creatures vanquished

Notes
Turn   | Place    | Note
-------+----------+-------------------------------------------
     0 | D:1      | issech the Troll Monk began the quest for the Orb.
     0 | D:1      | Reached XP level 1. HP: 22/22 MP: 0/0
    88 | D:1      | Reached XP level 2. HP: 21/29 MP: 1/1
   184 | D:1      | Reached skill level 3 in Maces & Flails
   386 | D:1      | Reached XP level 3. HP: 36/36 MP: 2/2
   951 | D:2      | Reached XP level 4. HP: 44/44 MP: 3/3
  1047 | D:2      | Got the Tome of Dusty Changing
  1296 | D:2      | Found a faded altar of an unknown god.
  1352 | D:2      | Found a snail-covered altar of Cheibriados.
  1473 | D:2      | Identified a scroll of acquirement
  1476 | D:2      | Acquired a +3 spectral giant spiked club
  1876 | D:4      | Reached skill level 4 in Maces & Flails
  1911 | D:4      | Noticed Edmund
  1940 | D:4      | Reached XP level 5. HP: 53/53 MP: 4/4
  2173 | D:4      | Found a basalt altar of Yredelemnul.
  2173 | D:4      | Found a sparkling altar of Nemelex Xobeh.
  2182 | D:4      | Found a radiant altar of Vehumet.
  2185 | D:4      | Found a glowing silver altar of Zin.
  2187 | D:4      | Found a broken altar of Ashenzari.
  2278 | D:4      | Noticed an ogre
  2284 | D:4      | Killed an ogre
  2285 | D:4      | Reached skill level 5 in Maces & Flails
  2285 | D:4      | Reached XP level 6. HP: 61/61 MP: 5/5
  2583 | D:4      | Noticed Menkaure
  2585 | D:4      | Killed Menkaure
  2647 | D:4      | Reached XP level 7. HP: 68/68 MP: 6/6
  2769 | D:4      | Killed Edmund
  2770 | D:4      | Reached skill level 6 in Maces & Flails
  3008 | D:5      | Entered Level 5 of the Dungeon
  3293 | D:5      | Identified the +1 robe of Itrejoeh {Rampage Will+}
  3388 | D:5      | Found Ygucwop's Antique Weapon Emporium.
  3519 | D:5      | Reached skill level 7 in Maces & Flails
  3561 | D:5      | Reached XP level 8. HP: 78/78 MP: 5/7
  3618 | D:5      | Found Guac's Lightly-Used Armoury.
  4041 | D:6      | Found Fobasiorgh's Magic Scroll Boutique.
  4055 | D:6      | Bought a scroll of identify for 28 gold pieces
  4302 | D:6      | Reached skill level 8 in Maces & Flails
  4575 | D:6      | Found an ornate altar of the Wu Jian Council.
  4579 | D:6      | Reached skill level 5 in Fighting
  4579 | D:6      | Reached XP level 9. HP: 86/88 MP: 5/8
  4853 | D:6      | Bought a scroll of enchant weapon for 105 gold pieces
  4888 | D:7      | Reached skill level 9 in Maces & Flails
  4967 | D:7      | Found a hide-covered altar of Uskayaw.
  5123 | D:7      | Acquired 1201 gold pieces
  5133 | D:7      | Noticed a troll
  5138 | D:7      | Killed a troll
  5202 | D:7      | Found a staircase to the Ecumenical Temple.
  5217 | Temple   | Entered the Ecumenical Temple
  5223 | Temple   | Became a worshipper of Hepliaklqana the Forgotten
  5223 | Temple   | Reached * piety under Hepliaklqana
  5223 | Temple   | Reached ** piety under Hepliaklqana
  5224 | Temple   | Remembered your ancestor Leofdaeg as a battlemage
  5606 | D:7      | Identified the ring "Digy" {rC+ Str+5}
  5787 | D:8      | Reached skill level 10 in Maces & Flails
  6131 | D:8      | Reached XP level 10. HP: 67/88 MP: 6/9
  6505 | D:8      | Reached skill level 11 in Maces & Flails
  6612 | D:10     | Entered Level 10 of the Dungeon
  6657 | D:10     | Reached skill level 5 in Dodging
  6662 | D:10     | Reached skill level 12 in Maces & Flails
  6710 | D:10     | Noticed Erolcha
  6810 | D:9      | Reached XP level 11. HP: 98/98 MP: 10/10
  7301 | D:10     | Killed Erolcha
  7369 | D:10     | Reached *** piety under Hepliaklqana
  7420 | D:10     | Noticed a centaur warrior
  7427 | D:10     | Killed a centaur warrior
  7681 | D:10     | Found a sacrificial altar of Ru.
  7828 | D:10     | Found a staircase to the Orcish Mines.
  8408 | D:11     | Noticed an oklob plant
  8409 | D:11     | Noticed an oklob plant
  8420 | D:11     | Reached skill level 13 in Maces & Flails
  8457 | D:11     | Found a staircase to the Lair.
  8474 | D:11     | Noticed RascalDebosk's ghost (journeyman HOFi)
  8477 | D:11     | Found a runed translucent door.
  8783 | D:11     | Reached skill level 1 in Armour
  8905 | D:11     | Noticed a two-headed ogre
  8910 | D:11     | Killed a two-headed ogre
  8982 | D:11     | Reached **** piety under Hepliaklqana
  9221 | D:11     | Killed RascalDebosk's ghost
  9323 | D:11     | Killed an oklob plant
  9368 | D:11     | Killed an oklob plant
  9488 | D:12     | Reached skill level 1 in Throwing
  9502 | D:12     | Noticed a boulder beetle
  9554 | D:12     | Killed a boulder beetle
  9555 | D:12     | Reached XP level 12. HP: 45/107 MP: 4/11
  9743 | D:12     | Found a frozen archway.
  9776 | IceCv    | Entered an ice cave
 10006 | IceCv    | Reached skill level 14 in Maces & Flails
 10368 | IceCv    | Identified the ring of Past Mistakes {rN+ Dex+7 Stlth+}
 10439 | IceCv    | Found an ancient bone altar of Kikubaaqudgha.
 10467 | IceCv    | HP: 3/109 [harpy simulacrum (6)]
 10467 | IceCv    | HP: 1/109 [harpy simulacrum (2)]
 10468 | IceCv    | Mangled by a harpy simulacrum

Illustrated notes

Levels and vault maps discovered:
D:1:      amcnicky_arrival_underground_garden, layout_loops_ring
D:2:      layout_rooms, basic_altar, hellmonk_ecumenical_altar_zigzags
D:3:      layout_rooms
D:4:      layout_loops_ring, chequers_temple_overflow_minitemple, serial_glass,
          glass_columns_a, glass_columns_c, minmay_puff, uniq_edmund,
          uniq_menkaure
D:5:      layout_loops_corners, serial_shops, shop,
          chequers_serial_rivers_micro_b, minmay_shop_damaged,
          minmay_misc_feat_more_columns, amcnicky_mini_pool_small,
          eino_small_chamber_without_monster
D:6:      layout_rooms, nicolae_overflow_crystal_walls, serial_shops,
          nicolae_shop_advertising_works [nicolae_subvault_shop_adworks]
D:7:      layout_basic, marbit_many_paths, minmay_temple_entry_antechambers
D:8:      layout_rooms, serial_bayou_ford_a, corexii_leaking_fountain,
          hangedman_decor_opposing
D:9:      layout_cross
D:10:     layout_gridville, nicolae_ru_sacrificial_ziggurat, orc_0_dummy,
          minmay_quadrilaterals, uniq_erolcha
D:11:     layout_small_grid, dpeg_oklobed_lair, serial_rivers,
          chequers_serial_rivers_micro_a, chequers_serial_rivers_small_b,
          chequers_serial_rivers_room_a, chequers_serial_rivers_micro_b,
          hellmonk_ghost_happy_afterlife, st_stairs_10
D:12:     layout_cave_pods, portal_ice_cave_entry_imps,
          nemelex_lonely_heart_becter
Temple:   zaba_magenta_temple
IceCv:    ice_cave_small_necro

Skill      XL: |  1  2  3  4  5  6  7  8  9 10 11 12 |
---------------+-------------------------------------+-----
Maces & Flails | 3 4 5 7 8 10 12 13 14 | 14.7
Fighting       | 3 4 5 6 7 8 |  8.5
Dodging        | 3 4 5 6 |  6.3
Stealth        | 2 3 |  3.9
Armour         | 2 |  2.9
Throwing       | 1 2 |  2.9

Action                   |  1- 3 |  4- 6 |  7- 9 | 10-12 || total
-------------------------+-------+-------+-------+-------++-------
Melee: Mace              |   148 |    38 |       |       ||   186
       Punch             |     4 |     1 |       |       ||     5
       Giant spiked club |       |    45 |   139 |   198 ||   382
Throw: Large rock        |       |       |       |    37 ||    37
Invok: Ancestor Life: Ba |       |       |     1 |       ||     1
  Use: Scroll            |       |     5 |    11 |     4 ||    20
       Potion            |       |       |       |     1 ||     1
 Stab: Sleeping          |     1 |       |     5 |       ||     6
       Distracted        |       |       |       |     5 ||     5
Armor: Robe              |    59 |    31 |    34 |    24 ||   148
       Acid dragon scale |       |       |       |    23 ||    23
Dodge: Dodged            |    86 |    53 |    59 |   131 ||   329
